 Dungeon Crawl Stone Soup version 0.17.1-3-g152610e (webtiles) character file.

982 Charly the Insei (level 8, -1/37 HPs)
             Began as a Vine Stalker Transmuter on May 3, 2016.
             Slain by a sky beast (5 damage)
             ... on level 8 of the Dungeon.
             The game lasted 00:17:55 (1118 turns).

Charly the Insei (Vine Stalker Transmuter)          Turns: 1118, Time: 00:17:55

Health: -1/37      AC:  5    Str: 13    XL:     8   Next: 17%
Magic:  0/15       EV: 20    Int: 15    God:
Gold:   115        SH:  0    Dex: 20    Spells: 3 memorised, 9 levels left

rFire  . . .     SeeInvis .       - Unarmed
rCold  . . .     Clarity  .     (armour currently unavailable)
rNeg   . . .     SustAt   .     (shield currently unavailable)
rPois  x         Gourm    .     (helmet currently unavailable)
rElec  .         Spirit   +     (cloak currently unavailable)
rCorr  .         Warding  .     (gloves currently unavailable)
rMut   .         Stasis   .     (boots currently unavailable)
MR     +....                    (no amulet)
Stlth  +++.......               n - ring "Coqunor" {+Fly AC+3 Stlth+}
                                j - +1 ring of evasion

@: spider-form (expiring), somewhat resistant to hostile enchantments, fairly
stealthy
A: (fangs 0), regeneration 2, magic shield, (antimagic bite), no device heal 3,
rot immunity
a: End Transformation, Evoke Flight


You were on level 8 of the Dungeon.
You were very full.
You were a venomous arachnid creature.
You visited 2 branches of the dungeon, and saw 11 of its levels.

You collected 115 gold pieces.

Inventory:

Missiles
 a - 24 arrows
 h - 11 arrows of frost
Armour
 b - a +0 robe (melded)
 q - a +0 pair of boots (melded)
Rods
 w - a +0 rod of the swarm (10/10)
   (You found it on level 8 of the Dungeon)
Jewellery
 j - a +1 ring of evasion (left front leg)
 n - the ring "Coqunor" (right front leg) {+Fly AC+3 Stlth+}
   (You found it on level 7 of the Dungeon)

   [ring of protection]

   It affects your AC (+3).
   It lets you fly.
   It makes you more stealthy.
 p - an uncursed ring of poison resistance
Wands
 e - a wand of lightning (4)
 m - a wand of disintegration (12)
Scrolls
 l - a scroll of fear
 s - a scroll of recharging
 u - a scroll of immolation
Potions
 f - a potion of poison {unknown}
 g - 3 potions of curing {unknown}
 i - a potion of agility {unknown}
 o - a potion of ambrosia {unknown}
 t - a potion of cancellation {unknown}
 v - a potion of resistance {unknown}
Books
 c - a book of Changes

   Spells                             Type                      Level
   a - Beastly Appendage              Transmutation                1
   b - Sticks to Snakes               Transmutation                2
   c - Spider Form                    Transmutation/Poison         3
   d - Ice Form                       Ice/Transmutation            4
   e - Blade Hands                    Transmutation                5
Comestibles
 d - a bread ration
 k - a meat ration


   Skills:
 - Level 0.8 Fighting
 - Level 1.5 Dodging
 * Level 7.7 Unarmed Combat
 + Level 4.2 Spellcasting
 + Level 4.8 Transmutations


You had 9 spell levels left.
You knew the following spells:

 Your Spells              Type           Power        Failure   Level  Hunger
a - Beastly Appendage     Trmt           ###...       10%         1    None
s - Sticks to Snakes      Trmt           ###.......   14%         2    ##.....
S - Spider Form           Trmt/Pois      ##........   45%         3    ###....


Dungeon Overview and Level Annotations

Branches:
Dungeon (10/15)            Temple (1/1) D:4
   Lair: D:8-11         Orc: D:9-12

Altars:
Ashenzari
Gozag
Kikubaaqudgha
Makhleb
Nemelex Xobeh
Ru
Sif Muna
Trog
Xom
Yredelemnul
Zin


Innate Abilities, Weirdness & Mutations

((You have razor-sharp teeth.))
You heal very quickly.
When hurt, damage is shared between your health and your magic reserves.
((Your bite disrupts and absorbs the magic of your enemies.))
Potions and wands cannot restore your health.
You are immune to rotting.


Message History

You completely miss something. Something hits you but does no damage.
You closely miss something. The orc misses you.
You bite something! Something hits you. Something shocks you.
* * * LOW HITPOINT WARNING * * *
The orc misses you.
You closely miss something.
Your transformation is almost over.
Something hits you but does no damage. The orc barely misses you.
You hit something. Something closely misses you. The orc completely misses you.
You hit something but do no damage.
A sky beast appears from thin air!
The sky beast hits you.
* * * LOW HITPOINT WARNING * * *
The sky beast shocks you.
* * * LOW HITPOINT WARNING * * *
Unknown command.
You hit the sky beast.
The sky beast is almost dead.
The orc closely misses you.
The sky beast flickers out of sight!
Something hits you.
You die...

#.# ###########.#
............#
...........##
...Y.......#
...........#
...........#
.......|..o#######.
###.....§.{s..........
#.....§..########...
#<.......# #.O##
#######+## .... #oo#
######..## ........o#
.....$Z>.# .........#


You could see an orc.

Vanquished Creatures
  A sky beast (D:9)
  A black bear (D:9)
  2 ogres
  2 centaurs
  A giant frog (D:8)
  An orc priest (D:9)
  2 crimson imps
  3 orc wizards (D:9)
  3 hounds
  An iguana (D:9)
  A worker ant (D:4)
  4 gnolls
  An ooze (D:1)
  6 orcs
  4 bats
  4 goblins
  2 hobgoblins (D:1)
  3 kobolds (D:1)
  A quokka (D:3)
  A giant newt (D:1)
44 creatures vanquished.

Vanquished Creatures (others)
  A bush (D:6)
1 creature vanquished.

Grand Total: 45 creatures vanquished

Notes
Turn   | Place    | Note
--------------------------------------------------------------
     0 | D:1      | Charly the Vine Stalker Transmuter began the quest for the Orb.
     0 | D:1      | Reached XP level 1. HP: 9/9 MP: 4/4
    68 | D:1      | Reached XP level 2. HP: 10/14 MP: 6/6
    79 | D:1      | Learned a level 2 spell: Sticks to Snakes
   156 | D:1      | You fall through a shaft!
   199 | D:3      | Reached XP level 3. HP: 15/17 MP: 5/7
   205 | D:3      | Learned a level 3 spell: Spider Form
   277 | D:4      | Reached skill level 4 in Unarmed Combat
   277 | D:4      | Reached XP level 4. HP: 14/21 MP: 4/8
   289 | D:4      | Found a staircase to the Ecumenical Temple.
   307 | Temple   | Entered the Ecumenical Temple
   430 | D:5      | Entered Level 5 of the Dungeon
   458 | D:6      | Noticed a centaur
   477 | D:6      | Noticed a centaur
   495 | D:6      | Killed a centaur
   495 | D:6      | Reached skill level 5 in Unarmed Combat
   495 | D:6      | Reached XP level 5. HP: 5/25 MP: 1/9
   541 | D:6      | Found an ancient bone altar of Kikubaaqudgha.
   611 | D:7      | Noticed an ogre
   620 | D:7      | Killed an ogre
   620 | D:7      | Gained mutation: You heal very quickly. [Vine Stalker growth]
   620 | D:7      | Reached XP level 6. HP: 29/29 MP: 6/10
   663 | D:7      | Reached skill level 6 in Unarmed Combat
   708 | D:7      | Got an ancient copper ring
   710 | D:7      | Identified the ring "Coqunor" {+Fly AC+3 Stlth+} (You found it on level 7 of the Dungeon)
   717 | D:8      | Noticed a two-headed ogre
   816 | D:10     | Entered Level 10 of the Dungeon
   885 | D:9      | Reached XP level 7. HP: 29/32 MP: 5/12
   932 | D:9      | Reached skill level 7 in Unarmed Combat
  1009 | D:9      | Gained mutation: You have razor-sharp teeth. [Vine Stalker growth]
  1009 | D:9      | Reached XP level 8. HP: 32/37 MP: 3/14
  1118 | D:8      | Slain by a sky beast

Action                   |  1- 3 |  4- 6 |  7- 9 || total
-------------------------+-------+-------+-------++-------
Melee: Unarmed           |    60 |    54 |    66 ||   180
 Cast: Spider Form       |     1 |     9 |     6 ||    16
       Sticks to Snakes  |     1 |     1 |       ||     2
  Use: Scroll            |     4 |     2 |       ||     6
 Stab: Sleeping          |     1 |       |       ||     1
  Eat: Beef jerky        |     1 |       |       ||     1
       Fruit             |       |     9 |     1 ||    10
       Chunk             |       |       |     1 ||     1
